 Dungeon Crawl Stone Soup version 0.28-a0-932-g843f935a50 (webtiles) character file.

Game seed: 16815281746852010132

553 ders the Digger (level 7, 0/36 HPs)
             Began as a Gargoyle Earth Elementalist on Nov 27, 2021.
             Was an Initiate of Vehumet.
             Slain by a phantom (5 damage)
             ... on level 5 of the Dungeon.
             The game lasted 00:07:54 (4485 turns).

ders the Digger (Gargoyle Earth Elementalist)       Turns: 4485, Time: 00:07:54

Health: 0/36       AC:  7    Str: 12    XL:     7   Next: 29%
Magic:  10/13      EV: 11    Int: 17    God:    Vehumet [......]
Gold:   1265       SH:  0    Dex: 10    Spells: 10/14 levels left

rFire   . . .      SeeInvis .   o - +2 dagger (venom)
rCold   . . .      Faith    .   (no shield)
rNeg    + . .      Spirit   .   b - +1 robe
rPois   ∞          Reflect  .   (no helmet)
rElec   +          Harm     .   (no cloak)
rCorr   .          Rampage  .   (no gloves)
Will    .....                   (no boots)
Stlth   ++........              (no amulet)
HPRegen 0.12/turn               (no ring)
MPRegen 0.13/turn               (no ring)

@: no status effects
A: sickness immunity, AC +4, negative energy resistance 1, electricity
resistance, torment resistance 1, petrification resistance
a: Renounce Religion


You were on level 5 of the Dungeon.
You worshipped Vehumet.
Vehumet was noncommittal.
You visited 2 branches of the dungeon, and saw 6 of its levels.

You collected 1265 gold pieces.

Inventory:

Hand Weapons
 o - a +2 dagger of venom (weapon)
Missiles
 r - 33 stones
Armour
 b - a +1 robe (worn)
 g - a +0 buckler
Scrolls
 a - a scroll of enchant armour
 c - a scroll of torment {unknown}
 d - a scroll of enchant weapon {unknown}
 e - a scroll of fear {unknown}
 i - a scroll of silence
 j - 2 scrolls of immolation {unknown}
 k - a scroll of acquirement
 n - a scroll of magic mapping {unknown}
 p - a scroll of teleportation {unknown}
 q - a scroll of fog {unknown}
 s - 2 scrolls of identify
Potions
 f - 2 potions of curing
 h - 2 potions of heal wounds
 l - a potion of resistance
 m - 2 potions of attraction


   Skills:
 - Level 1.5 Dodging
 - Level 2.1 Stealth
 + Level 4.4 Spellcasting
 + Level 4.5 Conjurations
 - Level 0.7 Transmutations
 + Level 6.3 Earth Magic


You had 10 spell levels left.
You knew the following spells:

 Your Spells              Type           Power      Damage    Failure   Level
a - Sandblast             Erth           50%        2d12      1%          1
b - Stone Arrow           Conj/Erth      44%        3d9       4%          3

Your spell library contained the following spells:

 Spells                   Type           Power      Damage    Failure   Level
 Passwall                 Tmut/Erth      12%        N/A       5%          2
 Petrify                  Tmut/Erth      15%        N/A       34%         4
 Animate Armour           Summ/Erth      28%        N/A       38%         4
 Lehudib's Crystal Spear  Conj/Erth      11%        10d4      100%        8


Dungeon Overview and Level Annotations

Branches:
Dungeon (5/15)             Temple (1/1) D:4

Altars:
Ashenzari
Cheibriados
Dithmenos
Elyvilon
Fedhas
Kikubaaqudgha
Makhleb
Nemelex Xobeh
Ru
Sif Muna
Trog
Uskayaw
Vehumet
Wu Jian
Xom
Yredelemnul
Zin
The Shining One


Innate Abilities, Weirdness & Mutations

You are immune to sickness and miasma.
Your stone body is resilient. (AC +4)
You are immune to poison.
You resist negative energy. (rN+)
You are resistant to electric shocks. (rElec)
You are resistant to unholy torment.
You are immune to petrification.


Message History

Nothing appears to happen.
The howler monkey hits you.
A phantom comes into view.
Casting: Stone Arrow (dangerous; 5% risk of failure)
Confirm with . or Enter, or press ? or * to list all spells.
Aiming: Stone Arrow (dangerous; 5% risk of failure)
Press: ? - help, Shift-Dir - straight line, f/p - howler monkey
Aim: a howler monkey (68% to hit)
The stone arrow hits the howler monkey!!
You kill the howler monkey!
Vehumet accepts your kill.
Unknown command.
An iguana comes into view.
Found a chain mail.
A phantom comes into view.
Found an escape hatch in the floor.
The sentinel's mark upon you fades away.
Your magical contamination has completely faded away.
There is a stone staircase leading up here.
You climb upwards.
There is a stone staircase leading down here.
You start resting.
HP restored.
You start resting.
You start resting.
Magic restored.
You climb downwards.
The iguana bites you!
The phantom hits you but does no damage.
The iguana bites you! The phantom closely misses you.
There is a stone staircase leading up here.
Casting: Stone Arrow (dangerous; 4% risk of failure)
Confirm with . or Enter, or press ? or * to list all spells.
Aiming: Stone Arrow (dangerous; 4% risk of failure)
Press: ? - help, Shift-Dir - straight line, f - iguana
Aim: an iguana (75% to hit)
The stone arrow hits the iguana!
The iguana is severely wounded.
The iguana bites you!
* * * LOW HITPOINT WARNING * * *
The phantom hits you.
You die...

.# ... ...######
........##########
.........l@W......
........##########
..........#..
#######l#W#.#######
#...#.#.#......
#...'..........
#...###.....##
#...#........>.
####...#.#####...#


You could see a phantom and an iguana.

Vanquished Creatures
  Eustachio (D:4)
  A bullfrog (D:3)
  A howler monkey (D:5)
  2 hounds (D:3)
  2 orc priests
  3 iguanas
  2 adders
  A gnoll (D:3)
  An adder skeleton (D:4)
  2 worms
  2 dart slugs
  11 orcs
  7 bats
  6 endoplasms
  3 giant cockroaches
  6 goblins
  7 hobgoblins
  2 jackals (D:2)
  2 quokkas (D:1)
  6 ball pythons
  2 frilled lizards (D:1)
  3 kobolds
  4 rats (D:1)
77 creatures vanquished.

Notes
Turn   | Place    | Note
-------+----------+-------------------------------------------
     0 | D:1      | ders the Gargoyle Earth Elementalist began the quest for
                  | the Orb.
     0 | D:1      | Reached XP level 1. HP: 10/10 MP: 3/3
   103 | D:1      | Reached XP level 2. HP: 15/15 MP: 0/5
   181 | D:1      | Reached skill level 1 in Conjurations
   250 | D:1      | Reached skill level 4 in Earth Magic
   504 | D:1      | Reached XP level 3. HP: 17/19 MP: 0/6
  1230 | D:2      | Found a faded altar of an unknown god.
  1273 | D:2      | Learned a level 3 spell: Stone Arrow
  1607 | D:3      | Noticed a bullfrog
  1641 | D:3      | Killed a bullfrog
  1642 | D:3      | Reached XP level 4. HP: 21/24 MP: 3/8
  1789 | D:2      | Reached XP level 5. HP: 13/28 MP: 6/9
  1955 | D:3      | Reached skill level 5 in Earth Magic
  2346 | D:3      | Upgraded the game from 0.28-a0-925-gd5e1996cdb to
                  | 0.28-a0-932-g843f935a50
  2607 | D:3      | Reached XP level 6. HP: 32/32 MP: 3/11
  2948 | D:4      | Noticed Eustachio
  2959 | D:4      | Killed Eustachio
  2960 | D:4      | Reached skill level 6 in Earth Magic
  3184 | D:4      | Acquired 1084 gold pieces
  3329 | D:4      | Found a staircase to the Ecumenical Temple.
  3338 | Temple   | Entered the Ecumenical Temple
  3582 | Temple   | Became a worshipper of Vehumet
  3805 | D:4      | Reached XP level 7. HP: 29/36 MP: 0/13
  4337 | D:5      | Entered Level 5 of the Dungeon
  4485 | D:5      | Slain by a phantom

Illustrated notes

Levels and vault maps discovered:
D:1:      wander_arrival_abandoned_jail, layout_rooms, minivault_23
D:2:      layout_loops_ring, basic_ecumenical_altar, minmay_liquid_box,
          minmay_small_reverse_x
D:3:      layout_rooms, hangedman_abyss_or_decor_lesser_grid,
          cheibrodos_gnoll_hut
D:4:      layout_loops_ring, minmay_temple_entry_fiery, uniq_eustachio
D:5:      layout_basic, mainiacjoe_overflow_boulevard, kennysheep_little_box,
          lemuel_crystal_altar
Temple:   dpeg_five_rooms_temple

Skill      XL: |  1  2  3  4  5  6 |
---------------+-------------------+-----
Conjurations   | 1 2 3 4 |  4.5
Earth Magic    | 4 5 6 |  6.3
Spellcasting   | 3 4 |  4.4
Dodging        | |  1.5
Stealth        | |  2.1
Transmutations | |  0.7

Action                   |  1- 3 |  4- 6 |  7- 9 || total
-------------------------+-------+-------+-------++-------
Melee: Short sword       |    11 |     1 |       ||    12
       Dagger            |       |    19 |       ||    19
 Cast: Sandblast         |    52 |    45 |     1 ||    98
       Stone Arrow       |       |    20 |    10 ||    30
  Use: Scroll            |       |     7 |       ||     7
Armor: Robe              |    10 |    19 |     2 ||    31
Dodge: Dodged            |    19 |    33 |     1 ||    53

Table legend: (Time is in decaauts)
 A = Elapsed time spent in this place.
 B = Non-inter-level travel time spent in this place.
 C = Inter-level travel time spent in this place.
 D = Time resting spent in this place.
 E = Time spent auto-exploring this place.
 F = Levels seen in this place.
 G = Mean time per level.
                   A        B        C        D        E       F      G
               +--------+--------+--------+--------+--------+-----+--------+
         Total |   4488 |   4323 |    165 |   1129 |   2691 |   6 |  748.0 |
       Dungeon |   4212 |   4105 |    107 |   1129 |   2487 |   5 |  842.4 |
        Temple |    275 |    217 |     58 |      0 |    204 |   1 |  275.0 |
               +--------+--------+--------+--------+--------+-----+--------+

Top non-repeatable levels by time:
     D:4: 1149 daAuts
     D:3: 1110 daAuts
     D:2: 1081 daAuts
     D:1: 800 daAuts
  Temple: 275 daAuts
     D:5: 70 daAuts
